 Dungeon Crawl Stone Soup version 0.26-a0-694-g74916bafe0 (webtiles) character file.

Game seed: 1593832339952994985

520 Conn the Conjurer (level 7, 28/28 HPs)
             Began as a Felid Conjurer on Oct 25, 2020.
             Was a Believer of Sif Muna.
             Quit the game on level 5 of the Dungeon.
             The game lasted 00:19:31 (7534 turns).

Conn the Conjurer (Felid Conjurer)                  Turns: 7534, Time: 00:19:31

Health: 28/28      AC:  2    Str:  3    XL:     7   Next: 1%
Magic:  15/15      EV: 19    Int: 22    God:    Sif Muna [**....]
Gold:   225        SH:  0    Dex: 14    Spells: 2/16 levels left
                                        Lives:  0   Deaths: 2

rFire    . . .     SeeInvis +     - Unarmed
rCold    . . .     Faith    +   (shield unavailable)
rNeg     . . .     Spirit   .   (armour unavailable)
rPois    .         Reflect  .   (helmet unavailable)
rElec    .         Harm     .   (cloak unavailable)
rCorr    .         Rampage  .   (gloves unavailable)
MR       +....                  (boots unavailable)
Stlth    ++++......             b - amulet of faith
HPRegen  0.09/turn              j - ring of stealth
MPRegen  0.14/turn              (no ring)

@: quick
A: very small, no armour, no weapons or thrown items, stealth, claws 1, fangs 3,
see invisible, speed 1, shaggy fur 2, sharp paws
a: Channel Magic, Renounce Religion


You were on level 5 of the Dungeon.
You worshipped Sif Muna.
Sif Muna was pleased with you.
You visited 2 branches of the dungeon, and saw 6 of its levels.
You also visited: Sewer.

You collected 225 gold pieces.

Inventory:

Jewellery
 b - an amulet of faith (around neck)
 j - a ring of stealth (left paw)
Scrolls
 a - a scroll of immolation
 d - 3 scrolls of remove curse
 g - 12 scrolls of identify {unknown}
 m - a scroll of magic mapping {unknown}
 n - 4 scrolls of amnesia {unknown}
 p - 2 scrolls of teleportation
 s - a scroll of enchant armour {unknown}
 t - 2 scrolls of enchant weapon {unknown}
Potions
 c - 2 potions of degeneration
 e - 4 potions of curing
 f - a potion of magic
 h - a potion of heal wounds
 i - a potion of haste
 l - a potion of ambrosia {unknown}
 o - a potion of flight
 q - a potion of brilliance {unknown}
 r - a potion of lignification {unknown}


   Skills:
 + Level 1.6 Fighting
 + Level 3.9 Dodging
 + Level 5.5 Stealth
 + Level 2.4 Unarmed Combat
 * Level 5.0 Spellcasting
 * Level 6.5 Conjurations
 + Level 0.6 Hexes


You had 2 spell levels left.
You knew the following spells:

 Your Spells              Type           Power        Failure   Level
a - Magic Dart            Conj           ####         1%          1
b - Searing Ray           Conj           ####..       1%          2
c - Dazzling Flash        Conj/Hex       ###...       7%          3
d - Fulminant Prism       Conj/Hex       ###.......   22%         4
e - Iskenderun's Mystic   Conj/Tloc      ###.....     26%         4

Your spell library contained the following spells:

 Spells                   Type           Power        Failure   Level


Dungeon Overview and Level Annotations

Branches:
Dungeon (5/15)             Temple (1/1) D:4           Sewer (visited)

Altars:
Ashenzari
Cheibriados
Elyvilon
Hepliaklqana
Kikubaaqudgha
Makhleb
Okawaru
Qazlal
Ru
Sif Muna
Vehumet
Xom
Zin


Innate Abilities, Weirdness & Mutations

You cannot wear armour.
You are incapable of wielding weapons or throwing items.
Your paws allow you to move quietly. (Stealth)
You have sharp claws.
You have razor-sharp teeth.
You have supernaturally acute eyesight. (SInv)
You cover ground quickly.
You are covered in thick fur. (AC +2)
Your sharp claws are effective at attacking unaware monsters.


Message History

You kill the howler monkey!
Sif Muna accepts your kill.
You feel your strength returning.
You have reached level 8!
The hound bites you.
* * * LOW HITPOINT WARNING * * *
Okay, then.
A giant cockroach comes into view.
You enter the shallow water.
Moving in this stuff is going to be slow.
The hound misses you. The hound bites you.
* * * LOW HITPOINT WARNING * * *
The hound bites you.
You die...
You are now level 7!
You rejoin the land of the living...
Unknown command.
A worker ant zombie comes into view.
Are you sure you want to abandon this character and quit the game? (Confirm with "yes".)

#.....)# ########......#
############ .........<...#
#..........#
#####.#####......###.........<#
h≈.##.##.........[............#
##.B)............###..........#
####)###.######## #..........#
#.##..# ########...).....[#
#####)##.####...@<......#######
....†.)..........########
>....)...........#
##.##)#..........#
.....o.........#..
..#...#...Z##...... .
#.#.........###...
...........#### ....
............ #####


You could see a worker ant zombie.

Vanquished Creatures
  Eustachio (D:5)
  An ogre (D:4)
  A phantom (D:4)
  A bullfrog (Sewer)
  A scorpion (D:4)
  3 howler monkeys
  An orc priest (D:5)
  5 orc wizards
  Terence (D:3)
  A worker ant (D:4)
  14 adders
  An ufetubus (D:5)
  11 oozes
  An adder skeleton (D:4)
  7 worms
  2 dart slugs
  13 leopard geckos
  15 orcs
  11 giant cockroaches
  5 goblins
  7 hobgoblins
  3 jackals (D:3)
  5 kobolds
  2 quokkas
  11 ball pythons
  8 bats
  11 frilled lizards
  7 rats
150 creatures vanquished.

Vanquished Creatures (others)
  4 toadstools (D:1)
4 creatures vanquished.

Grand Total: 154 creatures vanquished

Notes
Turn   | Place    | Note
-------+----------+-------------------------------------------
     0 | D:1      | Conn the Felid Conjurer began the quest for the Orb.
     0 | D:1      | Reached XP level 1. HP: 7/7 MP: 4/4
   294 | D:1      | Reached XP level 2. HP: 7/11 MP: 0/6
   649 | D:1      | Reached skill level 4 in Conjurations
  1519 | D:2      | Learned a level 2 spell: Searing Ray
  1677 | D:2      | Reached XP level 3. HP: 11/14 MP: 7/7
  2930 | D:2      | Reached XP level 4. HP: 18/18 MP: 5/8
  3299 | D:3      | Reached skill level 1 in Unarmed Combat
  3386 | D:3      | Noticed Terence
  3416 | D:3      | Killed Terence
  3777 | D:3      | Reached XP level 5. HP: 11/21 MP: 8/10
  4105 | D:3      | Learned a level 3 spell: Dazzling Flash
  4454 | D:4      | Noticed an ogre
  4618 | D:4      | Slain by a scorpion
  4619 | D:4      | Reached XP level 4. HP: -4/18 MP: 7/9
  4704 | D:4      | Reached XP level 5. HP: 20/21 MP: 0/10
  4901 | D:4      | Reached skill level 5 in Conjurations
  5208 | D:4      | Killed an ogre
  5208 | D:4      | Reached skill level 1 in Fighting
  5208 | D:4      | Gained mutation: You are covered in thick fur. (AC +2)
                  | [Felid growth]
  5208 | D:4      | Reached XP level 6. HP: 20/25 MP: 4/12
  5274 | D:4      | Found a staircase to the Ecumenical Temple.
  5283 | Temple   | Entered the Ecumenical Temple
  5350 | Temple   | Became a worshipper of Sif Muna the Loreminder
  5689 | D:4      | Found an iron altar of Okawaru.
  5833 | D:5      | Entered Level 5 of the Dungeon
  5839 | D:5      | Noticed Eustachio
  6049 | D:5      | Killed Eustachio
  6049 | D:5      | Reached skill level 5 in Stealth
  6049 | D:5      | Reached XP level 7. HP: 28/28 MP: 4/14
  6116 | D:3      | Reached skill level 6 in Conjurations
  6452 | D:5      | Found a glowing drain.
  6479 | Sewer    | Entered a sewer
  6613 | Sewer    | Reached * piety under Sif Muna
  7008 | Sewer    | Reached ** piety under Sif Muna
  7224 | Sewer    | Learned a level 4 spell: Fulminant Prism
  7229 | Sewer    | Learned a level 4 spell: Iskenderun's Mystic Blast
  7508 | D:5      | Reached skill level 5 in Spellcasting
  7527 | D:5      | Reached XP level 8. HP: 10/32 MP: 2/16
  7531 | D:5      | Slain by a hound
  7532 | D:5      | Reached XP level 7. HP: -1/28 MP: 3/15
  7534 | D:5      | Quit the game

Illustrated notes

Levels and vault maps discovered:
D:1:      ldierk_walled_garden_2, layout_loops_ring
D:2:      layout_basic, minmay_misc_feat_hallway
D:3:      layout_loops_ring, uniq_terence
D:4:      layout_rooms, minmay_temple_entry_hall, okawaru_ov_weapons_minmay
D:5:      layout_rooms, nicolae_overflow_crystal_walls, portal_sewer_entry_d,
          minmay_misc_feat_roman, zaba_anthole, uniq_eustachio
Temple:   minmay_crystal_spiral_temple

Skill      XL: |  1  2  3  4  5  6  7 |
---------------+----------------------+-----
Stealth        | 3 4 5 |  5.5
Conjurations   | 4 5 6 |  6.5
Dodging        | 3 |  3.9
Unarmed Combat | 1 2 |  2.4
Spellcasting   | 3 4 5 |  5.0
Fighting       | 1 |  1.6
Hexes          | |  0.6

Action                   |  1- 3 |  4- 6 |  7- 9 || total
-------------------------+-------+-------+-------++-------
Melee: Unarmed           |    77 |    28 |    93 ||   198
       Bite              |     7 |     2 |     5 ||    14
 Cast: Magic Dart        |    60 |    81 |   117 ||   258
       Searing Ray       |     4 |    18 |     5 ||    27
       Dazzling Flash    |       |     1 |       ||     1
  Use: Scroll            |       |     3 |       ||     3
       Potion            |       |     5 |     2 ||     7
 Stab: Sleeping          |     6 |     9 |     3 ||    18
Armor: Skin              |     5 |     4 |     6 ||    15
Dodge: Dodged            |   104 |    53 |   110 ||   267

Table legend: (Time is in decaauts)
 A = Elapsed time spent in this place.
 B = Non-inter-level travel time spent in this place.
 C = Inter-level travel time spent in this place.
 D = Time resting spent in this place.
 E = Time spent auto-exploring this place.
 F = Levels seen in this place.
 G = Mean time per level.
                   A        B        C        D        E       F      G
               +--------+--------+--------+--------+--------+-----+--------+
         Total |   7033 |   6919 |    114 |   2762 |   2502 |   7 | 1004.7 |
       Dungeon |   5924 |   5862 |     62 |   2298 |   2286 |   5 | 1184.8 |
        Temple |    106 |     54 |     52 |      0 |     31 |   1 |  106.0 |
         Sewer |   1002 |   1002 |      0 |    464 |    185 |   1 | 1002.0 |
               +--------+--------+--------+--------+--------+-----+--------+

Top non-repeatable levels by time:
     D:2: 1612 daAuts
     D:3: 1427 daAuts
     D:1: 1382 daAuts
     D:4: 1257 daAuts
   Sewer: 1002 daAuts
     D:5: 245 daAuts
  Temple: 106 daAuts
